 Dungeon Crawl Stone Soup version 0.30-a0-719-gcc4359ea44 (webtiles) character file.

Game seed: 6301203948943972223

1836 Dittersdorf the Trooper (level 9, -2/57 HPs)
             Began as a Gargoyle Fighter on Jan 26, 2023.
             Slain by a wight
             ... wielding a +4 battleaxe
              (13 damage)
             ... on level 6 of the Dungeon.
             The game lasted 00:07:12 (5385 turns).

Dittersdorf the Trooper (Gargoyle Fighter)          Turns: 5385, Time: 00:07:12

Health: -2/57      AC: 19    Str: 24    XL:     9   Next: 11%
Magic:  9/9        EV:  9    Int:  9    God:
Gold:   205        SH:  5    Dex:  9    Spells: 8/8 levels left

rFire   . . .      SeeInvis .    t - +1 morningstar
rCold   . . .      Faith    .    c - +0 buckler
rNeg    + . .      Spirit   .    b - +0 scale mail
rPois   ∞          Reflect  .    r - +0 helmet
rElec   +          Harm     .    k - +0 cloak
rCorr   +          Rampage  .    w - +0 pair of gloves
Will    .....                    i - +0 pair of boots Stlth
                                 (no amulet)
HPRegen 0.29/turn                e - ring of resist corrosion
MPRegen 0.11/turn                (no ring)

@: no status effects
A: sickness immunity, AC +6, negative energy resistance 1, electricity
resistance, torment resistance 1, petrification resistance
a: no special abilities


You were on level 6 of the Dungeon.
You visited 2 branches of the dungeon, and saw 7 of its levels.

You collected 205 gold pieces.

Inventory:

Hand Weapons
 t - a +1 morningstar (weapon)
Missiles
 q - 2 poisoned darts (quivered)
Armour
 b - a +0 scale mail (worn)
 c - a +0 buckler (worn)
 i - a +0 pair of boots (worn)
 k - a +0 cloak (worn)
 r - a +0 helmet (worn)
 s - a +0 plate armour
 w - a +0 pair of gloves (worn)
Jewellery
 e - a ring of resist corrosion (left hand)
Wands
 f - a wand of acid (4)
Scrolls
 h - a scroll of silence
 m - a scroll of fog {unknown}
 v - 2 scrolls of enchant armour {unknown}
 x - a scroll of identify
Potions
 a - a potion of mutation
 d - a potion of attraction {unknown}
 g - a potion of magic {unknown}
 j - a potion of curing
 l - a potion of resistance {unknown}
 n - 4 potions of heal wounds {unknown}
 o - a potion of invisibility {unknown}
 p - a potion of haste {unknown}
 u - 2 potions of brilliance {unknown}


   Skills:
 + Level 7.1 Fighting
 + Level 6.0 Maces & Flails
 + Level 7.1 Armour
 + Level 7.1 Shields


You had 8 spell levels left.
You didn't know any spells.
Your spell library contained the following spells:

 Spells                   Type           Power      Damage    Failure   Level
 Slow                     Hex            0%         N/A       75%         1
 Sting                    Tmut/Pois      0%         1d3       75%         1
 Poisonous Vapours        Pois/Air       0%         N/A       86%         2
 Confusing Touch          Hex            0%         N/A       98%         3
 Hailstorm                Conj/Ice       0%         3d3       98%         3
 Ozocubu's Armour         Ice            0%         N/A       98%         3
 Vampiric Draining        Necr           0%         2d6       98%         3
 Ice Form                 Ice/Tmut       0%         N/A       100%        4
 Olgreb's Toxic Radiance  Pois           0%         N/A       100%        4
 Metabolic Englaciation   Hex/Ice        0%         N/A       100%        5
 Simulacrum               Ice/Necr       0%         N/A       100%        6


Dungeon Overview and Level Annotations

Branches:
Dungeon (6/15)             Temple (1/1) D:5

Altars:
Ashenzari
Cheibriados
Dithmenos
Elyvilon
Fedhas
Gozag
Hepliaklqana
Makhleb
Nemelex Xobeh
Qazlal
Ru
Sif Muna
Trog
Uskayaw
Wu Jian
Xom
Yredelemnul
Zin
The Shining One

Shops:
D:1 (

Annotations:
D:3 1 runed translucent door, hikkokomori's ghost, amateur VSFi


Innate Abilities, Weirdness & Mutations

You are immune to sickness and miasma.
Your stone body is resilient. (AC +6)
You are immune to poison.
You resist negative energy. (rN+)
You are resistant to electric shocks. (rElec)
You are resistant to unholy torment.
You are immune to petrification.


Message History

You are too injured to fight recklessly!
You are too injured to fight recklessly!
You are too injured to fight recklessly!
You are too injured to fight recklessly!
The wight hits you but does no damage. The wight attacks as you move away!
The wight hits you with a +4 mace.
* * * LOW HITPOINT WARNING * * *
The wight attacks as you move away! You block the wight's attack.
You closely miss the wight.
The wight is heavily damaged.
The wight hits you but does no damage.
You hit the wight.
The wight is almost destroyed.
The wight hits you with a +4 mace.
* * * LOW HITPOINT WARNING * * *
The wight hits you but does no damage.
You barely miss the wight.
The wight is almost destroyed.
The wight closely misses you.
You hit the wight.
You destroy the wight!
Your Maces & Flails skill increases to level 6!
You hit the wight.
The wight is lightly damaged.
You block the wight's attack.
You barely miss the wight.
The wight is lightly damaged.
The wight completely misses you. The wight hits you but does no damage.
You hit the wight.
The wight is moderately damaged.
The wight hits you but does no damage.
You thump the wight!
You destroy the wight!
You sock the wight!
The wight is heavily damaged.
The wight hits you but does no damage.
You barely miss the wight.
The wight is heavily damaged.
The wight closely misses you. The wight hits you with a +4 battleaxe!
You die...

. ..... #.#...... # .
...#...### #.#.##.##.# .
...#.....###.#.#...#.#.#.. .
................._........
..........##.#.#...#.#.#..
#.........##.#.##.##.#
###..........#.#.......#
.##......†...#.####.####.#
.............#..@z.......#
..#####......######.######
#.# #.......... #...)..#
#.### ##........# #.......#
....# #........# #...#......
#.#.####..........##.###.....
###†.........##... ... ...#.
# #..##......# .# ##.. ..# #
#####.####...# #... ...


You could see a wight.

Vanquished Creatures
  Pikel (D:5)
  Grinder (D:3)
  Sigmund (D:3)
  A black bear (D:5)
  A lemure (D:5)
  A phantom (D:5)
  3 scorpions
  A necrophage (D:4)
  3 wights (D:6)
  2 hounds (D:5)
  A gnoll bouda (D:5)
  Jessica (D:3)
  2 iguanas (D:6)
  An orc wizard (D:3)
  Robin (D:3)
  9 gnolls
  9 adders
  2 ufetubi (D:6)
  4 worms
  2 dart slugs (D:3)
  12 orcs
  8 ball pythons
  5 bats
  4 endoplasms
  5 giant cockroaches
  13 goblins
  8 hobgoblins
  4 jackals (D:2)
  6 quokkas
  6 frilled lizards
  11 kobolds
  3 rats (D:1)
132 creatures vanquished.

Notes
Turn   | Place    | Note
-------+----------+-------------------------------------------
     0 | D:1      | Dittersdorf the Gargoyle Fighter began the quest for the
                  | Orb.
     0 | D:1      | Reached XP level 1. HP: 14/14 MP: 1/1
   224 | D:1      | Reached XP level 2. HP: 14/19 MP: 2/2
   423 | D:1      | Found Efoith's Weapon Shop.
   636 | D:1      | Reached XP level 3. HP: 23/23 MP: 3/3
  1487 | D:2      | Reached XP level 4. HP: 29/29 MP: 4/4
  2264 | D:3      | Noticed Robin
  2281 | D:3      | Reached XP level 5. HP: 24/33 MP: 5/5
  2293 | D:3      | Killed Robin
  2338 | D:3      | Noticed Jessica
  2340 | D:3      | Killed Jessica
  2356 | D:3      | Found a runed translucent door.
  2735 | D:3      | Reached XP level 6. HP: 14/39 MP: 6/6
  2923 | D:3      | Noticed hikkokomori's ghost (amateur VSFi)
  3019 | D:4      | Noticed Grinder
  3028 | D:3      | Killed Grinder
  3029 | D:3      | Reached skill level 5 in Fighting
  3029 | D:3      | Reached skill level 5 in Armour
  3029 | D:3      | Reached skill level 5 in Shields
  3029 | D:3      | Reached XP level 7. HP: 39/44 MP: 7/7
  3169 | D:4      | Noticed Sigmund
  3295 | D:3      | Killed Sigmund
  3919 | D:5      | Entered Level 5 of the Dungeon
  3994 | D:5      | Reached XP level 8. HP: 50/51 MP: 8/8
  4044 | D:5      | Noticed Pikel
  4058 | D:5      | Killed Pikel
  4059 | D:5      | Reached skill level 5 in Maces & Flails
  4270 | D:5      | Found a shimmering altar of Xom.
  4270 | D:5      | Found a shimmering altar of Xom.
  4270 | D:5      | Found a shimmering altar of Xom.
  4271 | D:5      | Found a shimmering altar of Xom.
  4271 | D:5      | Found a shimmering altar of Xom.
  4272 | D:5      | Found a shimmering altar of Xom.
  4272 | D:5      | Found a shimmering altar of Xom.
  4272 | D:5      | Found a shimmering altar of Xom.
  4274 | D:5      | Found a shimmering altar of Xom.
  4480 | D:5      | Found a staircase to the Ecumenical Temple.
  4486 | Temple   | Entered the Ecumenical Temple
  4486 | Temple   | Found a transporter.
  4486 | Temple   | Found a transporter.
  4488 | Temple   | Found a transporter.
  4488 | Temple   | Found a transporter.
  5246 | D:6      | Reached XP level 9. HP: 44/56 MP: 9/9
  5340 | D:6      | Found a sacrificial altar of Ru.
  5385 | D:6      | Slain by a wight

Illustrated notes

Levels and vault maps discovered:
D:1:      shiori_arrival_maze, layout_basic, serial_shops, nicolae_shop_trees,
          minmay_misc_feat_four_crosses
D:2:      layout_basic, st_stairs_4, minmay_misc_feat_pillars
D:3:      layout_loops_ring, ebering_ghost_reflecting_pool,
          kennysheep_generic_room_6, uniq_robin, uniq_jessica
D:4:      layout_cave_pods, uniq_sigmund, uniq_grinder
D:5:      layout_loops_ring, xom_redecorated,
          minmay_temple_entry_statues_pillars, uniq_pikel
D:6:      layout_cave_pools, vehumet_crystals, nicolae_ru_sacrificial_ziggurat,
          kennysheep_cross_room, nicolae_shop_sticking_my_neck_out, uniq_duvessa
Temple:   hellmonk_temple_divided_pantheon

Skill      XL: |  1  2  3  4  5  6  7  8  9 |
---------------+----------------------------+-----
Shields        | 4 5 6 7 |  7.1
Fighting       | 4 5 6 7 |  7.1
Maces & Flails | 3 4 5 6 |  6.0
Armour         | 4 5 6 7 |  7.1

Action                     |  1- 3 |  4- 6 |  7- 9 || total
---------------------------+-------+-------+-------++-------
  Melee: Flail             |   173 |   115 |       ||   288
         Morningstar       |       |    44 |   220 ||   264
  Throw: Dart              |       |     3 |     2 ||     5
    Use: Scroll            |       |       |     7 ||     7
         Potion            |       |       |     2 ||     2
 Armour: Scale mail        |   100 |   103 |   136 ||   339
  Dodge: Dodged            |    86 |    80 |   105 ||   271
  Block: Buckler           |    36 |    44 |    47 ||   127

Table legend: (Time is in decaauts)
 A = Elapsed time spent in this place.
 B = Non-inter-level travel time spent in this place.
 C = Inter-level travel time spent in this place.
 D = Time resting spent in this place.
 E = Time spent auto-exploring this place.
 F = Levels seen in this place.
 G = Mean time per level.
                   A        B        C        D        E       F      G
               +--------+--------+--------+--------+--------+-----+--------+
         Total |   5559 |   5292 |    267 |    544 |   3497 |   7 |  794.1 |
       Dungeon |   5526 |   5259 |    267 |    544 |   3491 |   6 |  921.0 |
        Temple |     33 |     33 |      0 |      0 |      6 |   1 |   33.0 |
               +--------+--------+--------+--------+--------+-----+--------+

Top non-repeatable levels by time:
     D:5: 1268 daAuts
     D:3: 1150 daAuts
     D:1: 1131 daAuts
     D:2: 993 daAuts
     D:4: 783 daAuts
     D:6: 198 daAuts
  Temple: 33 daAuts
